AoeStats
← SHOGUN

Arabia

509555707Analyzed
1v1 RM · 5d ago on Sep 27, 2026· 44m 14s· 2 players
Game mode
Random Map
Map size
Tiny (2 player)
Population
200
Speed
Normal
Resources
Standard
Victory
Conquest
Starting age
Dark Age
Ending age
Imperial Age
RankedLock teamsTeams togetherTeam positionsShared explorationLock speedFull tech treeHidden civsTurbo modeCheats
Victory
Defeat
🇮🇳 Vietnamese · India
1321
+15
🇭🇰 Armenians · Hong Kong SAR China
1304
-15
SHOGUN
6:35 Loom
10:24 Feudal Age
10:26 Man-at-Arms
11:03 Double-Bit Axe
13:02 Gold Mining
14:54 Horse Collar
16:26 Long Swordsman
17:52 Arson
20:38 Wheelbarrow
24:50 Castle Age
24:54 Scale Mail Armor
25:05 Forging
26:14 Gambesons
28:45 Bow Saw
28:03 Crossbowman
28:11 Two-Handed Swordsman
29:20 Chain Mail Armor
29:43 Squires
30:44 Elite Skirmisher
32:21 Gold Shaft Mining
32:23 Heavy Plow
39:07 Imperial Age
38:04 Hand Cart
38:59 Iron Casting
38:14 Fletching
40:17 Arbalester
41:09 Bodkin Arrow
42:01 Stone Mining
42:39 Champion
43:31 Bracer
grilledc803
1:01 Loom
1:04 Loom
9:52 Feudal Age
11:02 Double-Bit Axe
14:44 Padded Archer Armor
14:37 Fletching
14:34 Horse Collar
19:49 Wheelbarrow
26:22 Castle Age
27:01 Crossbowman
28:10 Bow Saw
27:59 Bodkin Arrow
28:23 Leather Archer Armor
29:16 Ballistics
35:24 Imperial Age
33:34 Heavy Plow
33:51 Stone Mining
36:06 Bracer
37:39 Chemistry
38:31 Ring Archer Armor
39:53 Hand Cart
40:17 Arbalester
43:11 Town Watch
43:49 Thumb Ring
43:58 Forging
43:48 Scale Mail Armor
Connection lost

Rejoining the realm…

Still unreachable

The connection could not be restored.

Session expired

The server has moved on; the page needs a fresh start.